Map: Romanticide LE

Players

MaSa

  • Race: Terran Terran

Semper - Winner!

  • Race: Terran Terran

Event: DreamHack SC2 Masters 2021 Winter

VOD

Have the link to the VOD?

Description

Time

  • Played on: Oct. 5, 2021, 7:16 p.m.
  • Length: 19:45

All games in this series

Show
View Real Time Build Order
Export as new Build Order

MaSa Terran 

Build Orders:  

Get SALT Encoding   

  12  0:00  SCV  
  13  0:12  SCV  
  14  0:17  Supply Depot  
  14  0:24  SCV  
  15  0:38  SCV  
  15  0:40  Barracks  
  16  0:43  Refinery  
  16  0:49  Refinery  
  16  0:52  SCV  
  17  1:04  SCV  
  18  1:16  SCV  
  19  1:27  Barracks Reactor  
  19  1:28  Supply Depot, Orbital Command  
  19  1:39  Factory  
  19  1:55  SCV  
  20  2:03  Reaper x2  
  20  2:07  SCV  
  23  2:19  SCV  
  26  2:23  Hellion  
  26  2:31  SCV  
  26  2:32  Command Center  
  28  2:43  SCV  
  28  2:45  Factory Tech Lab  
  28  2:46  Starport  
  28  2:53  Supply Depot  
  28  3:03  Siege Tank  
  31  3:14  SCV, Marine x2  
  34  3:22  Medivac  
  36  3:28  SCV  
  36  3:30  Refinery  
  36  3:32  Marine x2  
  39  3:43  Cyclone  
  39  3:45  SCV, Orbital Command  
  43  3:53  Marine x2  
  43  3:54  Starport Tech Lab  
  45  3:57  SCV  
  46  4:02  Supply Depot  
  47  4:10  SCV  
  47  4:12  SCV  
  47  4:14  Raven  
  50  4:18  Marine  
  50  4:22  SCV  
  52  4:24  SCV  
  52  4:25  Supply Depot  
  53  4:34  SCV  
  54  4:40  SCV  
  52  4:47  Marine  
  52  4:48  SCV, Siege Tank  
  57  4:58  SCV  
  55  5:00  SCV, Marine  
  59  5:14  SCV  
  60  5:15  Marine  
  60  5:16  Command Center  
  60  5:18  SCV  
  62  5:22  Supply Depot  
  62  5:26  SCV  
  62  5:29  Siege Tank  
  62  5:31  SCV  
  66  5:38  SCV  
  64  5:43  SCV  
  65  5:50  SCV  
  65  5:53  Barracks x2  
  65  5:55  SCV  
  65  5:56  Viking x2  
  71  5:57  Stimpack  
  71  5:58  Marine  
  71  6:01  Siege Tank  
  71  6:02  SCV  
  76  6:08  SCV  
  75  6:11  Supply Depot  
  75  6:12  Supply Depot  
  75  6:21  SCV  
  72  6:26  SCV  
  72  6:27  Viking x2, Marine  
  72  6:31  Engineering Bay  
  72  6:32  Engineering Bay  
  78  6:33  SCV  
  68  6:42  Siege Tank  
  68  6:44  Barracks Reactor x2  
  68  6:45  Marine  
  71  6:47  SCV  
  71  6:48  Barracks x2  
  71  6:50  SCV  
  71  6:54  Refinery  
  70  6:57  Viking  
  72  7:02  Orbital Command  
  72  7:04  SCV  
  72  7:06  SCV  
  74  7:11  Viking  
  74  7:15  Terran Infantry Weapons Level 1  
  76  7:16  SCV  
  76  7:18  Terran Infantry Armor Level 1  
  76  7:19  SCV  
  78  7:25  Marine  
  78  7:27  Viking  
  78  7:28  SCV, Marine x3  
  85  7:30  Marine  
  85  7:31  SCV x2  
  88  7:41  Viking  
  88  7:54  SCV  
  88  7:56  Marine x3  
  88  7:57  Barracks Reactor, Viking  
  88  7:58  Barracks Reactor  
  94  8:00  Refinery x2  
  94  8:01  Command Center  
  94  8:04  SCV  
  94  8:05  SCV  
  96  8:07  SCV  
  96  8:11  Viking  
  99  8:13  Combat Shield  
  99  8:14  Siege Tank, Marine x2  
  99  8:16  SCV  
  99  8:18  SCV  
  106  8:24  SCV  
  107  8:28  Viking  
  109  8:34  Supply Depot  
  109  8:35  Supply Depot  
  109  8:37  SCV x2  
  109  8:40  SCV  
  112  8:41  Marine  
  112  8:42  Marine x4  
  112  8:43  Armory  
  117  8:56  SCV x2, Sensor Tower, Marine x4  
  117  8:59  Supply Depot, Marine x2  
  117  9:00  Marine x3  
  128  9:06  SCV  
  125  9:10  SCV  
  125  9:13  SCV, Marine x4  
  131  9:17  Marine x2  
  131  9:18  SCV  
  131  9:22  SCV  
  135  9:24  Marine  
  135  9:25  SCV, Marine x2  
  135  9:26  Siege Tank  
  135  9:28  Medivac x2  
  142  9:31  Marine x3  
  137  9:41  Marine x3  
  137  9:42  SCV, Marine  
  142  9:46  Marine  
  142  9:47  Marine  
  142  9:49  Marine x3  
  147  9:58  Medivac x2, Siege Tank, Marine x2  
  141  10:00  Marine x2  
  141  10:03  Refinery  
  141  10:04  Marine x2  
  141  10:07  Marine  
  141  10:13  Marine x2  
  144  10:16  Marine x2  
  144  10:17  Terran Vehicle Weapons Level 1  
  144  10:18  Barracks  
  144  10:19  Starport, Barracks  
  141  10:24  Terran Infantry Weapons Level 2  
  141  10:25  SCV  
  136  10:28  Medivac x2  
  136  10:30  Siege Tank  
  136  10:32  SCV x2, Terran Infantry Armor Level 2  
  144  10:35  Marine  
  144  10:36  Marine x4  
  149  10:44  Marine x4  
  147  10:59  Marine x4  
  147  11:00  Marine  
  147  11:01  Marine  
  147  11:02  Siege Tank  
  156  11:07  Supply Depot x2, Planetary Fortress  
  156  11:09  Refinery  
  156  11:23  Barracks Reactor x2  
  156  11:28  Supply Depot  
  156  11:29  Supply Depot x2, Viking x3, Marine x5  
  167  11:34  Marine x4  
  167  11:38  Command Center  
  161  11:43  Siege Tank  
  161  11:46  Marine x5  
  147  11:51  Marine  
  147  11:52  Marine x3  
  141  12:03  Marine x3  
  141  12:04  Marine x5  
  141  12:07  Viking x2  
  145  12:09  Marine x2  
  145  12:10  Factory  
  145  12:12  Marine x3  
  145  12:13  Viking  
  145  12:15  Siege Tank  
  155  12:20  Marine  
  152  12:27  Marine x4  
  152  12:28  Marine x5  
  152  12:29  Marine  
  141  12:37  Medivac x2  
  141  12:43  Viking  
  147  12:45  Command Center  
  147  12:55  Siege Tank  
  133  13:02  Marine x4  
  133  13:03  Marine  
  134  13:07  Viking x2  
  132  13:13  Liberator  
  132  13:16  Marine  
  132  13:17  Marine x4  
  141  13:20  SCV x2, Terran Infantry Weapons Level 3  
  141  13:24  Terran Infantry Armor Level 3  
  141  13:26  Factory Tech Lab  
  142  13:27  Orbital Command  
  138  13:37  Viking, Marine x5  
  138  13:38  Marine x4  
  138  13:39  Siege Tank  
  138  13:40  Liberator  
  138  13:41  Marine x2  
  152  13:45  Terran Vehicle Weapons Level 2  
  152  13:48  Marine x2  
  154  13:55  Marine  
  157  13:56  Viking  
  157  13:58  Marine x2  
  157  14:01  Siege Tank  
  162  14:07  Viking  
  160  14:11  Siege Tank  
  163  14:18  Planetary Fortress  
  163  14:23  Viking  
  165  14:26  Viking  
  167  14:31  Marine  
  167  14:32  Marauder, Marine x3  
  167  14:33  Siege Tank  
  167  14:36  Marine x3  
  179  14:43  Siege Tank  
  179  14:45  Marine x3  
  179  14:52  Marine x6  
  172  14:53  Marine  
  172  14:54  Marine x3  
  177  15:03  Marine x2  
  177  15:04  Marine  
  177  15:05  Siege Tank  
  176  15:10  Liberator x2, Marine x2  
  177  15:15  Siege Tank, Marine x2  
  177  15:16  Marine x2  
  177  15:19  Liberator  
  179  15:27  Marine x3  
  170  15:28  Marine  
  170  15:33  Marine  
  170  15:34  Marine x2  
  167  15:37  Siege Tank  
  160  15:44  Marine  
  160  15:45  Marine x2  
  160  15:46  Marine  
  160  15:48  Siege Tank  
  154  15:51  Marine  
  154  15:52  Marine x2  
  154  15:56  Orbital Command  
  156  16:02  Marine  
  156  16:03  Marine x2  
  159  16:04  Marine  
  159  16:07  Sensor Tower  
  159  16:09  Siege Tank, Marine x2  
  159  16:10  Marine  
  166  16:20  Siege Tank, Marine  
  166  16:21  Marine x2  
  173  16:27  Barracks Reactor, Marine x2  
  173  16:30  Barracks Reactor  
  174  16:38  Marine  
  174  16:39  Marine x2  
  177  16:44  Marine  
  177  16:45  Marine  
  179  16:52  Siege Tank  
  179  16:53  Siege Tank  
  174  17:05  Marine x4  
  174  17:06  Marine  
  174  17:08  Marine x2  
  170  17:09  Marine  
  153  17:22  Marine x3  
  153  17:23  Marine  
  153  17:24  Marine  
  153  17:29  Supply Depot  
  156  17:30  Supply Depot x2  
  156  17:31  Supply Depot  
  154  17:50  Marine x3  
  154  17:51  Marine x2  
  148  17:52  Siege Tank x2  
  123  18:00  Marine x4  
  124  18:08  Marine x4  
  124  18:09  Marine  
  126  18:18  Marine x4  
  124  18:26  Marine x4  
  128  18:27  Marine  
  127  18:44  Marine x2  
  87  18:56  Marine  
  80  19:08  SCV  
Show
View Real Time Build Order
Export as new Build Order

Semper Terran - Winner!

Build Orders: Cyclone Opening 

Get SALT Encoding   

  12  0:00  SCV  
  13  0:12  SCV  
  14  0:17  Supply Depot  
  14  0:24  SCV  
  15  0:38  SCV  
  15  0:39  Barracks  
  16  0:44  Refinery  
  16  0:50  SCV  
  16  0:52  Refinery  
  17  1:02  SCV  
  18  1:15  SCV  
  19  1:27  Reaper, Orbital Command  
  19  1:28  Supply Depot  
  20  1:43  Factory  
  20  1:53  SCV  
  21  1:59  Reaper  
  22  2:05  SCV  
  23  2:20  Command Center  
  24  2:22  SCV  
  24  2:30  Factory Tech Lab  
  24  2:38  SCV  
  24  2:43  Barracks Reactor  
  25  2:45  Supply Depot  
  25  2:48  Cyclone  
  25  2:50  SCV  
  29  3:01  Starport  
  29  3:05  SCV  
  30  3:19  Marine x2  
  32  3:20  Cyclone  
  32  3:24  SCV  
  36  3:32  Orbital Command  
  36  3:36  SCV  
  36  3:37  Starport Tech Lab  
  36  3:38  Refinery, Marine x2  
  39  3:48  SCV  
  39  3:51  Orbital Command  
  40  3:59  Supply Depot, Marine x2  
  40  4:00  Raven  
  45  4:02  SCV  
  45  4:15  SCV  
  45  4:16  SCV  
  47  4:23  Siege Tank  
  50  4:27  SCV  
  50  4:28  SCV  
  50  4:29  Supply Depot  
  49  4:39  SCV  
  49  4:41  SCV  
  50  4:47  Marine  
  50  4:49  Raven  
  53  4:55  SCV  
  53  4:59  SCV  
  56  5:07  SCV, Siege Tank  
  56  5:11  SCV  
  56  5:14  Command Center  
  60  5:19  SCV  
  61  5:23  SCV  
  61  5:26  Supply Depot, Refinery  
  62  5:31  SCV  
  63  5:39  SCV, Siege Tank  
  66  5:43  SCV  
  66  5:45  Marine  
  68  5:51  SCV  
  68  5:55  SCV  
  70  6:03  SCV  
  71  6:07  SCV  
  71  6:09  Viking x2  
  71  6:10  Stimpack, Marine  
  77  6:13  Barracks  
  77  6:14  Engineering Bay x2, Barracks  
  77  6:16  SCV  
  77  6:19  SCV  
  78  6:34  SCV x2  
  74  6:42  Viking  
  74  6:43  Viking  
  74  6:44  Orbital Command  
  74  6:46  SCV x2  
  79  6:53  Terran Infantry Weapons Level 1, Terran Infantry Armor Level 1  
  79  6:55  Supply Depot, Siege Tank  
  79  6:59  SCV x2  
  84  7:04  Barracks Reactor, Marine  
  84  7:05  Barracks Reactor  
  85  7:11  SCV x2  
  85  7:12  SCV, Viking  
  90  7:17  Viking  
  92  7:23  SCV x2  
  92  7:24  SCV, Barracks  
  92  7:25  Barracks  
  92  7:26  Refinery  
  92  7:27  Refinery  
  92  7:29  Siege Tank  
  98  7:33  Marine  
  98  7:35  SCV x2  
  100  7:38  SCV  
  101  7:48  Viking  
  101  7:49  Viking  
  101  7:55  SCV  
  100  8:00  Marine  
  100  8:01  Combat Shield  
  100  8:02  Marine  
  101  8:05  Supply Depot  
  101  8:07  Supply Depot  
  101  8:08  Supply Depot  
  101  8:15  Command Center  
  101  8:26  Barracks Reactor x2, Marine x4  
  101  8:27  SCV, Siege Tank  
  101  8:28  SCV, Viking  
  101  8:29  Supply Depot  
  101  8:30  Supply Depot, Armory  
  101  8:31  Supply Depot, Viking  
  101  8:34  SCV  
  115  8:40  SCV  
  116  8:42  Marine  
  116  8:44  Marine  
  116  8:48  Factory, SCV  
  118  8:56  SCV  
  118  8:57  Supply Depot  
  118  8:58  Supply Depot, Viking  
  118  9:01  Viking  
  122  9:06  Sensor Tower  
  119  9:18  Marine  
  119  9:19  Marine x8  
  119  9:20  Siege Tank  
  131  9:28  Viking  
  128  9:37  Viking  
  117  9:39  Marine x3  
  117  9:41  Marine  
  117  9:42  Marine x5  
  117  9:44  Factory Tech Lab  
  124  9:52  Siege Tank  
  127  9:57  Marine x3  
  127  9:58  Viking  
  127  9:59  Marine x4  
  130  10:00  Marine x2  
  130  10:06  Siege Tank  
  134  10:07  Viking  
  133  10:15  Marine x3  
  135  10:26  Marine x2  
  135  10:27  Siege Tank  
  132  10:28  Medivac  
  132  10:32  SCV  
  129  10:42  SCV  
  129  10:45  Marine  
  129  10:49  Siege Tank  
  125  10:58  Medivac x2  
  125  10:59  Terran Infantry Weapons Level 2, Terran Infantry Armor Level 2, Marine  
  125  11:00  Marine x7  
  125  11:01  Terran Vehicle Weapons Level 1  
  125  11:03  SCV, Marine  
  135  11:08  Supply Depot  
  135  11:10  Supply Depot  
  135  11:12  SCV  
  135  11:14  Refinery  
  135  11:15  Missile Turret  
  135  11:16  Missile Turret, SCV x2  
  135  11:17  Marine x2  
  140  11:21  Marine x2  
  140  11:22  Siege Tank, Marine x5  
  140  11:24  SCV  
  151  11:28  SCV  
  151  11:29  SCV  
  153  11:34  Missile Turret  
  153  11:35  Marine x2  
  153  11:36  Missile Turret  
  153  11:38  Missile Turret  
  155  11:44  Siege Tank  
  156  11:48  SCV x2  
  156  11:52  Marine x7  
  156  11:53  Marine x2  
  157  12:05  SCV  
  157  12:06  Siege Tank  
  160  12:09  SCV x2, Marine  
  163  12:19  SCV  
  142  12:27  SCV x2  
  123  12:31  SCV  
  123  12:33  Marine  
  123  12:34  Marine x8  
  133  12:37  Siege Tank  
  133  12:51  Marine x6  
  133  12:52  Marine  
  132  13:03  Siege Tank, Marine x2  
  132  13:05  Medivac x2, Planetary Fortress  
  136  13:08  Sensor Tower  
  136  13:09  Siege Tank, Marine x3  
  142  13:15  Marine  
  142  13:16  Marine x3  
  142  13:18  SCV  
  142  13:19  SCV  
  145  13:20  SCV, Refinery  
  145  13:21  Marine x2  
  145  13:23  Refinery x2  
  148  13:27  Marine x2  
  148  13:30  Marine  
  148  13:33  Marine x2  
  150  13:35  Siege Tank  
  150  13:38  Marine x2  
  150  13:39  Marine  
  150  13:41  SCV  
  150  13:44  Marine x2  
  150  13:45  Marine  
  150  13:47  Siege Tank, Marine  
  157  13:50  Medivac x2  
  157  13:51  Marine x2  
  163  13:56  Marine x2  
  163  13:59  Terran Infantry Weapons Level 3  
  165  14:03  Marine  
  165  14:04  Marine x3  
  165  14:10  Siege Tank  
  165  14:14  Marine  
  165  14:15  Marine x4  
  169  14:17  Supply Depot, Terran Infantry Armor Level 3  
  169  14:21  Marine  
  169  14:23  Marine  
  171  14:32  Supply Depot x2  
  170  14:39  Siege Tank  
  168  14:50  Siege Tank  
  168  14:51  Marine  
  172  14:53  Marine x4  
  175  15:05  Marine  
  176  15:10  Marine  
  176  15:11  Siege Tank  
  180  15:18  Marine  
  180  15:20  Command Center  
  171  15:22  Siege Tank  
  154  15:37  Marine x5  
  154  15:40  Marine x4  
  160  15:43  Siege Tank  
  146  15:52  Medivac  
  146  15:54  Siege Tank  
  146  15:55  Marine x5  
  146  15:56  SCV  
  154  15:57  Missile Turret  
  154  15:58  Marine x4  
  158  16:12  Marine  
  158  16:13  Marine  
  158  16:15  Siege Tank, Marine  
  164  16:20  Marine x5  
  164  16:21  Starport  
  164  16:22  Starport  
  168  16:26  Siege Tank  
  171  16:33  Planetary Fortress  
  171  16:37  Missile Turret x2  
  171  16:38  Marine  
  172  16:47  Siege Tank  
  169  16:58  Siege Tank  
  172  17:06  Marine  
  172  17:07  Marine x4  
  163  17:19  Siege Tank  
  163  17:22  Marine x3  
  157  17:24  Viking x3, Marine  
  157  17:25  Marine x5  
  168  17:30  Siege Tank  
  171  17:40  Marine x3  
  171  17:42  Marine x2  
  172  17:51  Siege Tank  
  168  17:59  Marine x3  
  168  18:02  Siege Tank  
  168  18:03  Command Center, Marine  
  168  18:04  Marine  
  177  18:06  Viking x2  
  177  18:08  Viking x2  
  181  18:23  Siege Tank  
  181  18:24  Marine  
  181  18:25  Marine x3  
  174  18:35  Siege Tank  
  174  18:36  Viking x2  
  174  18:37  Liberator x2  
  174  18:39  Marine  
  174  18:40  Marine x4  
  154  18:55  Siege Tank  
  157  19:07  Siege Tank  

Tags
 
Add a new tag
Caveats
  • Supply blocks, unpowered buildings, or Contaminate may cause inaccurate times.
  • Supply counts are checked every 10 seconds.